 Dungeon Crawl Stone Soup version 0.27-a0-592-g0306a34022 (webtiles) character file.

Game seed: 12114105100894187548

840 rednaxela the Fighter (level 8, -4/74 HPs)
             Began as a Barachi Brigand on Mar 10, 2021.
             Slain by an ogre
             ... wielding a +0 giant spiked club
              (16 damage)
             ... on level 6 of the Dungeon on Mar 11, 2021.
             The game lasted 00:18:43 (4994 turns).

rednaxela the Fighter (Barachi Brigand)             Turns: 4994, Time: 00:18:44

Health: -4/74      AC: 12    Str: 15    XL:     8   Next: 0%
Magic:  8/8        EV:  6    Int: 12    God:
Gold:   184        SH:  0    Dex: 13    Spells: 7/7 levels left

rFire    . . .     SeeInvis .   a - +2 dagger
rCold    . . .     Faith    .   (no shield)
rNeg     . . .     Spirit   .   j - +1 chain mail {Will+}
rPois    .         Reflect  .   h - +0 helmet
rElec    .         Harm     .   c - +0 cloak
rCorr    .         Rampage  .   i - +0 pair of gloves
Will     +....                  (no boots)
Stlth    ..........             (no amulet)
HPRegen  0.22/turn              (no ring)
MPRegen  0.11/turn              (no ring)

@: can't hop, slow
A: +LOS, amphibious, slowness 1, strong legs 1
a: Hop


You were on level 6 of the Dungeon.
You visited 1 branch of the dungeon, and saw 6 of its levels.

You collected 184 gold pieces.

Inventory:

Hand Weapons
 a - a +2 dagger (weapon)
 b - a +0 hunting sling
   (You found it on level 1 of the Dungeon)
Missiles
 k - 40 arrows
 l - 189 stones (quivered)
Armour
 c - a +0 cloak (worn)
 h - a +0 helmet (worn)
   (You found it on level 1 of the Dungeon)
 i - a +0 pair of gloves (worn)
   (You found it on level 1 of the Dungeon)
 j - a +1 chain mail of willpower (worn)
   (You found it on level 1 of the Dungeon)
 n - a +0 ring mail
   (You found it on level 2 of the Dungeon)
Jewellery
 u - a ring of poison resistance
   (You found it on level 3 of the Dungeon)
Scrolls
 f - a scroll of fear {unknown}
 g - a scroll of noise
 o - a scroll of enchant weapon {unknown}
 q - a scroll of fog {unknown}
 r - a scroll of magic mapping {unknown}
 s - a scroll of immolation {unknown}
Potions
 p - 5 potions of curing {@q1 !q}


   Skills:
 + Level 10.6 Fighting
 - Level 2.1 Short Blades
 - Level 2.0 Throwing
 - Level 1.1 Dodging
 - Level 3.6 Stealth


You had 7 spell levels left.
You didn't know any spells.
Your spell library contained the following spells:

 Spells                   Type           Power      Damage    Failure   Level
 Beastly Appendage        Tmut           0%         N/A       100%        1
 Wereblood                Tmut           0%         N/A       100%        2
 Spider Form              Tmut/Pois      0%         N/A       100%        3
 Ice Form                 Ice/Tmut       0%         N/A       100%        4
 Blade Hands              Tmut           0%         N/A       100%        5


Dungeon Overview and Level Annotations

Branches:
Dungeon (6/15)
 Temple: D:4-7

Altars:
Ashenzari
Dithmenos
Kikubaaqudgha
Vehumet

Annotations:
D:4 1 runed translucent door, jasper's ghost, weakling DsDe


Innate Abilities, Weirdness & Mutations

You can be seen from farther away. (+LOS)
You are amphibious.
You cover ground slowly.
You can hop short distances.


Message History

The ice beast hits you but does no damage.
The shadow imp closely misses you. The shadow imp puffs mist at you.
The ice beast barely misses you.
The shadow imp hits you but does no damage.
There is a stone staircase leading down here.
The shadow imp hits you but does no damage.
The ice beast hits you. The ice beast freezes you.
You climb downwards.
There is a stone staircase leading up here.
You hit the shadow imp but do no damage.
The shadow imp is moderately wounded.
The ice beast completely misses you.
The shadow imp hits you but does no damage.
The ice beast hits you but does no damage.
The shadow imp hits you.
Hop to where?
Press: ? - help, Dir - move target Boing!
The ice beast barely misses you.
Okay, then.
The shadow imp shouts, "Give up, thou weedy toad-spotted nert!"
There is a stone staircase leading up here.
The ice beast completely misses you.
You climb upwards.
The orc shouts! x2; The orc wizard shouts!
The orc shouts! x2
The orc wizard casts a spell at you. The magic dart hits you.
The giant cockroach bites you but does no damage.
There is a stone staircase leading down, spattered with blood here.
The giant cockroach bites you but does no damage.
The ice beast hits you. The ice beast freezes you!
* * * LOW HITPOINT WARNING * * *
You climb downwards.
There is a stone staircase leading up here.
The giant cockroach barely misses you. The giant cockroach bites you.
* * * LOW HITPOINT WARNING * * *
The shadow imp shouts, "Quit, thou puking flap-mouthed prigger-of-prances!"
Really read
m - a scroll of teleportation {@r3 !r}?
As you read the scroll of teleportation {@r3 !r}, it crumbles to dust.
You feel strangely unstable. The ice beast barely misses you.
The ice beast closely misses you.
Your surroundings suddenly seem different.
An ogre comes into view. It is wielding a +0 giant spiked club.
The ogre shouts!
You hear a croak.
Found a long lead wand.
A worker ant comes into view.
Found a scroll of teleportation.
Throw: dart (curare)
Press: ? - help, Shift-Dir - straight line, f - ogre
Aim: an ogre, wielding a +0 giant spiked club (76% to hit)
You throw a curare-tipped dart. The curare-tipped dart hits the ogre.
The ogre is poisoned.
The ogre convulses.
The ogre seems to slow down.
The ogre is lightly wounded.
The ogre barely misses you.
You hit the ogre.
The ogre is moderately wounded.
You hit the ogre.
The ogre is moderately wounded.
The ogre hits you with a +0 giant spiked club!
* * * LOW HITPOINT WARNING * * *
Throw: 5 darts (poison)
Press: ? - help, Shift-Dir - straight line, f - worker ant
Aim: a worker ant (62% to hit)
You throw a poisoned dart. The poisoned dart hits the worker ant.
The worker ant is poisoned.
Throw: 4 darts (poison)
Press: ? - help, Shift-Dir - straight line, f/p - worker ant
Aim: a worker ant (moderately wounded, poisoned, 63% to hit)
You throw a poisoned dart. The poisoned dart hits the worker ant.
The worker ant looks even sicker.
The worker ant is moderately wounded.
You kill the worker ant!
You have reached level 8!
You feel stronger.
Throw: 3 darts (poison)
Press: ? - help, Shift-Dir - straight line, f - ogre
Aim: an ogre, wielding a +0 giant spiked club (severely wounded, poisoned, slow, 76% to hit)
You throw a poisoned dart.
The poisoned dart barely misses the ogre.
The ogre looks more healthy.
Throw: 2 darts (poison)
Press: ? - help, Shift-Dir - straight line, f/p - ogre
Aim: an ogre, wielding a +0 giant spiked club (severely wounded, slow, 77% to hit)
You throw a poisoned dart. The poisoned dart hits the ogre.
The ogre is poisoned.
The ogre is severely wounded.
The ogre is no longer moving slowly.
The ogre looks more healthy.
You hit the ogre.
The ogre is severely wounded.
The ogre hits you with a +0 giant spiked club!!
* * * LOW HITPOINT WARNING * * *
Throw: dart (poison)
Press: ? - help, Shift-Dir - straight line, f/p - ogre
Aim: an ogre, wielding a +0 giant spiked club (severely wounded, 77% to hit)
You throw a poisoned dart.
The poisoned dart barely misses the ogre.
The ogre hits you with a +0 giant spiked club!
You die...

#########
#..@O...#####.##
#.#####.........
......##(####.###
## #...(..# #
?#####(#.##.#
............#
########(####
#######(#
#.......#


You could see an ogre.

Vanquished Creatures
  Grinder (D:4)
  Duvessa (D:4)
  An ogre (D:4)
  Dowan (D:4)
  A scorpion (D:5)
  A howler monkey (D:3)
  2 centaur skeletons
  2 orc priests
  Jessica (D:2)
  2 worker ants
  A hound skeleton (D:4)
  A gnoll (D:1)
  4 adders
  An adder zombie (D:1)
  An adder skeleton (D:4)
  3 worms
  2 dart slugs
  3 leopard geckos
  7 orcs
  2 ball pythons
  A bat zombie (D:1)
  7 giant cockroaches
  6 goblins
  2 hobgoblins
  5 jackals
  A ball python skeleton (D:5)
  11 bats
  3 frilled lizards
  7 kobolds
  3 rats
84 creatures vanquished.

Vanquished Creatures (others)
  2 withered plants (D:4)
2 creatures vanquished.

Grand Total: 86 creatures vanquished

Notes
Turn   | Place    | Note
-------+----------+-------------------------------------------
     0 | D:1      | rednaxela the Barachi Brigand began the quest for the Orb.
     0 | D:1      | Reached XP level 1. HP: 17/17 MP: 1/1
    38 | D:1      | Reached skill level 3 in Fighting
    93 | D:1      | Reached XP level 2. HP: 14/25 MP: 2/2
   364 | D:1      | Reached skill level 4 in Fighting
   385 | D:1      | Reached XP level 3. HP: 21/30 MP: 3/3
  1257 | D:2      | Reached skill level 5 in Fighting
  1520 | D:2      | Reached XP level 4. HP: 39/39 MP: 4/4
  1635 | D:2      | Noticed Jessica
  2059 | D:2      | Killed Jessica
  2385 | D:3      | Reached skill level 6 in Fighting
  2405 | D:3      | Reached XP level 5. HP: 47/47 MP: 5/5
  2434 | D:3      | Found an ancient bone altar of Kikubaaqudgha.
  2579 | D:3      | Found a shadowy altar of Dithmenos.
  2641 | D:3      | Found a radiant altar of Vehumet.
  2893 | D:3      | Reached skill level 7 in Fighting
  3219 | D:3      | Reached XP level 6. HP: 55/55 MP: 6/6
  3569 | D:4      | Found a broken altar of Ashenzari.
  3930 | D:4      | Noticed Grinder
  3944 | D:5      | Entered Level 5 of the Dungeon
  3944 | D:5      | Noticed an ice beast
  4019 | D:4      | Paralysed by Grinder for 4 turns
  4040 | D:4      | Paralysed by Grinder for 6 turns
  4053 | D:4      | Killed Grinder
  4054 | D:4      | Reached skill level 8 in Fighting
  4054 | D:4      | Reached XP level 7. HP: 60/63 MP: 7/7
  4100 | D:4      | Reached skill level 9 in Fighting
  4272 | D:4      | Noticed Duvessa
  4273 | D:4      | Noticed Dowan
  4303 | D:4      | Killed Duvessa
  4316 | D:4      | Killed Dowan
  4317 | D:4      | Reached skill level 10 in Fighting
  4487 | D:4      | Found a runed translucent door.
  4488 | D:4      | Noticed jasper's ghost (weakling DsDe)
  4988 | D:6      | Reached XP level 8. HP: 34/74 MP: 8/8
  4994 | D:6      | Slain by an ogre

Illustrated notes

Levels and vault maps discovered:
D:1:      saegor_arrival_fortress, layout_rooms, minmay_strange_pillars
D:2:      layout_rooms, uniq_jessica
D:3:      layout_basic, grunt_dithmenos_smoke_and_mirrors,
          kiku_gazebo_pond_becter, nicolae_overflow_hidden_temple
D:4:      kennysheep_six_static_rooms, layout_gridville,
          nicolae_overflow_crystal_walls, gammafunk_ghost_grave,
          portal_sewer_entry_f, uniq_grinder, uniq_duvessa
D:5:      cheibrodos_quashed, layout_cave_pods, lemuel_round_altar,
          lemuel_crystal_altar, dk_noncrumbling_3,
          chequers_serial_rivers_small_3
D:6:      layout_loops_cross, minmay_temple_entry_enclosed_plants,
          pf_just_have_faith, uniq_maggie

Skill      XL: |  1  2  3  4  5  6  7 |
---------------+----------------------+-----
Fighting       | 3 4 5 6 7 8 10 | 10.6
Short Blades   | |  2.1
Throwing       | |  2.0
Dodging        | |  1.1
Stealth        | |  3.6

Action                   |  1- 3 |  4- 6 |  7- 9 || total
-------------------------+-------+-------+-------++-------
Melee: Dagger            |   108 |   140 |    85 ||   333
 Fire: Hunting sling     |    18 |   113 |       ||   131
Throw: Dart              |    10 |     7 |    24 ||    41
 Abil: Hop               |       |     2 |     2 ||     4
  Use: Scroll            |       |     5 |     1 ||     6
       Potion            |       |     3 |       ||     3
 Stab: Sleeping          |     1 |       |       ||     1
Armor: Robe              |    53 |     7 |       ||    60
       Ring mail         |       |    42 |       ||    42
       Chain mail        |       |    41 |    66 ||   107
       Skin              |       |    19 |       ||    19
Dodge: Dodged            |    81 |    75 |    34 ||   190

Table legend: (Time is in decaauts)
 A = Elapsed time spent in this place.
 B = Non-inter-level travel time spent in this place.
 C = Inter-level travel time spent in this place.
 D = Time resting spent in this place.
 E = Time spent auto-exploring this place.
 F = Levels seen in this place.
 G = Mean time per level.
                   A        B        C        D        E       F      G
               +--------+--------+--------+--------+--------+-----+--------+
         Total |   5579 |   5272 |    307 |    435 |   3476 |   6 |  929.8 |
       Dungeon |   5579 |   5272 |    307 |    435 |   3476 |   6 |  929.8 |
               +--------+--------+--------+--------+--------+-----+--------+

Top non-repeatable levels by time:
     D:4: 1449 daAuts
     D:3: 1368 daAuts
     D:1: 1347 daAuts
     D:2: 1088 daAuts
     D:5: 275 daAuts
     D:6: 50 daAuts
